 Dungeon Crawl Stone Soup version 0.31.0-11-ge490571c62 (webtiles) character file.

Game seed: 771106248174214986

803 qw the Skirmisher (level 7, -5/40 HPs)
             Began as a Deep Elf Hunter on Feb 3, 2024.
             Was an Initiate of Okawaru.
             Slain by an orc warrior
             ... wielding a +0 halberd
              (13 damage)
             ... on level 6 of the Dungeon.
             The game lasted 00:00:15 (4161 turns).

qw the Skirmisher (Deep Elf Hunter)                 Turns: 4161, Time: 00:00:16

Health: -5/40      AC:  6    Str: 10    XL:     7   Next: 59%
Magic:  9/9        EV: 13    Int: 14    God:    Okawaru [......]
Gold:   266        SH:  0    Dex: 18    Spells: 6/6 levels left

rFire   + . .        a - +2 shortbow
rCold   . . .        (shield currently unavailable)
rNeg    . . .        j - +1 leather armour {rF+}
rPois   .            l - +0 helmet
rElec   .            (no cloak)
rCorr   .            e - +0 pair of gloves
SInv    .            (no boots)
Will    .....        (no amulet)
Stlth   ++           (no ring)
HPRegen 0.26/turn    (no ring)
MPRegen 0.11/turn

%: no passive effects
@: no status effects
A: no striking features
a: Renounce Religion


You were on level 6 of the Dungeon.
You worshipped Okawaru.
Okawaru was noncommittal.
You visited 1 branch of the dungeon, and saw 6 of its levels.

You collected 274 gold pieces.
You spent 8 gold pieces at shops.


   Skills:
 - Level 2.4 Fighting
 + Level 11.3 Ranged Weapons
 - Level 4.2 Dodging
 - Level 1.2 Stealth


You had 6 spell levels left.
You didn't know any spells.
Your spell library was empty.

Inventory:

Hand Weapons
 a - a +2 shortbow (weapon)
Armour
 e - a +0 pair of gloves (worn)
 g - a +0 ring mail
 j - a +1 leather armour of fire resistance (worn)
 l - a +0 helmet (worn)
Wands
 f - a wand of paralysis (7)
Scrolls
 b - a scroll of identify
 k - a scroll of teleportation
Potions
 c - 5 potions of curing
 d - 2 potions of heal wounds
 h - a potion of haste
 i - 2 potions of might
 m - a potion of mutation {unknown}

Dungeon Overview and Level Annotations

Branches:
Dungeon (6/15)
 Temple: D:4-7

Altars:
Okawaru
The Shining One

Shops:
D:6 *

Annotations:
D:6 3 runed translucent doors, qw's ghost, novice DjHu


Message History

You shoot an arrow. The arrow hits the jelly!
You kill the jelly!
Okawaru accepts your kill.
Found a ring mail.
There is an entrance to Pyufeomn's CLEARANCE SALE! here.
3999 ||| BUYING scroll of identify (8 gold).
b - a scroll of identify Thank you for shopping at Pyufeomn's CLEARANCE SALE!!
You now have 266 gold pieces (gained 6).
Found a stone and a robe.
Found 3 large rocks and a stone.
Qw's ghost turns its malevolent gaze towards you.
Qw's ghost screams, "Very impressive.
But it won't help.
Nothing will."
An orc warrior, an orc and an orc priest come into view.
The orc warrior shouts!
The orc shouts!
An orc comes into view. It is wielding a +0 falchion.
You shoot an arrow. The arrow barely misses the orc.
The orc shouts!
You shoot an arrow.
The arrow hits the orc warrior but does no damage.
You shoot an arrow. The arrow hits the orc!
You kill the orc!
Okawaru accepts your kill.
The orc warrior hits you from afar with a +0 halberd.
You shoot an arrow. The arrow hits the orc.
The orc is severely wounded.
The orc closely misses you.
The orc warrior hits you but does no damage.
You shoot an arrow. The arrow hits the orc.
You kill the orc!
Okawaru accepts your kill.
The orc priest invokes the aid of Beogh against you.
Beogh smites you!
The orc warrior hits you from afar with a +0 halberd.
You shoot an arrow. The arrow hits the orc priest.
The orc priest is moderately wounded.
The orc priest invokes the aid of Beogh against you.
Beogh smites you!
The orc warrior hits you from afar with a +0 halberd!
You die...

#(...(#..###.>#...#.
#....W#.......#...##
#######.............
#.....#####.#.....
#####...###.....#.
##+## ###....##.###.
#.... ####..#.#...
#....##########.....#.
#....@................
#..o)############..##.
.....o. .............
....... .............
.##.... .#######.....
#.... #<#####.####
#.... #.......# #
##### #.#.########
#.#.........


You could see an orc warrior and an orc priest.

Vanquished Creatures
  A water moccasin (D:4)
  Blork the orc (D:4)
  3 scorpions
  A bombardier beetle (D:3)
  2 hounds
  A jelly (D:6)
  An orc priest (D:4)
  A gnoll bouda (D:5)
  2 sleepcaps (D:4)
  7 gnolls
  6 adders
  A shadow imp (D:5)
  2 ribbon worms
  16 orcs
  4 ball pythons
  4 endoplasms
  5 giant cockroaches
  7 goblins
  4 hobgoblins
  8 kobolds
  A quokka (D:3)
  5 bats
  7 frilled lizards
  10 rats
100 creatures vanquished.

Notes
Turn   | Place    | Note
-------+----------+-------------------------------------------
     0 | D:1      | qw the Deep Elf Hunter began the quest for the Orb.
     0 | D:1      | Reached XP level 1. HP: 12/12 MP: 3/3
     0 | D:1      | 0 ||| qw: Version: 0.3-a-157-g843a77d
     0 | D:1      | 0 ||| qw: Game counter: 3755
     0 | D:1      | 0 ||| qw: Melee chars always use a shield: true
     0 | D:1      | 0 ||| qw: God list: Okawaru
     0 | D:1      | 0 ||| qw: Allow faded altars: false
     0 | D:1      | 0 ||| qw: Do Orc after clearing Dungeon:15 true
     0 | D:1      | 0 ||| qw: Do second Lair branch before Depths: true
     0 | D:1      | 0 ||| qw: Lair rune preference: random
     0 | D:1      | 0 ||| qw: Goals: Normal
     0 | D:1      | 0 ||| PLANNING D:1-11
   324 | D:1      | Reached XP level 2. HP: 16/16 MP: 4/4
   326 | D:1      | Reached skill level 6 in Ranged Weapons
   733 | D:1      | 733 ||| UPGRADING to +0 ring mail.
   743 | D:1      | 743 ||| DROPPING +0 leather armour.
   744 | D:1      | 744 ||| READING 2 scrolls labelled AMAOSA ZENLOC.
   744 | D:1      | 744 ||| IDENTIFYING emerald potion
   745 | D:1      | 745 ||| READING scroll of identify.
   745 | D:1      | 745 ||| IDENTIFYING cyan potion
   746 | D:1      | 746 ||| DRINKING 2 metallic golden potions.
   747 | D:1      | 747 ||| DROPPING scroll of butterflies.
   748 | D:1      | 748 ||| DROPPING potion of degeneration.
  1116 | D:2      | Reached XP level 3. HP: 20/20 MP: 5/5
  1136 | D:2      | Reached skill level 7 in Ranged Weapons
  1141 | D:2      | Found a faded altar of an unknown god.
  1345 | D:2      | 1345 ||| UPGRADING to +0 pair of gloves.
  1350 | D:2      | 1350 ||| READING 3 scrolls labelled BEDURHEOQA.
  1351 | D:2      | 1351 ||| READING scroll labelled CELYTE XIREI.
  1352 | D:2      | 1352 ||| DROPPING 2 scrolls of poison.
  1354 | D:2      | 1354 ||| Stepping ~*~*~tactically~*~*~ (cloud).
  1355 | D:2      | 1355 ||| DRINKING potion of curing.
  1355 | D:2      | 1355 ||| (to cure poison)
  1473 | D:3      | Reached XP level 4. HP: 25/25 MP: 6/6
  1541 | D:3      | Reached skill level 8 in Ranged Weapons
  1640 | D:3      | Reached XP level 5. HP: 29/29 MP: 7/7
  1694 | D:3      | Identified the +4 mace of Chaos {heavy, Int+3}
  1849 | D:3      | Found a glowing golden altar of the Shining One.
  2048 | D:3      | 2048 ||| UPGRADING to +1 leather armour of fire resistance.
  2058 | D:3      | 2058 ||| UPGRADING to +0 helmet.
  2063 | D:3      | 2063 ||| READING scroll of identify.
  2063 | D:3      | 2063 ||| IDENTIFYING fizzy golden potion
  2064 | D:3      | 2064 ||| READING 2 scrolls labelled FODUDA PELAUD.
  2064 | D:3      | 2064 ||| ENCHANTING +0 shortbow.
  2065 | D:3      | 2065 ||| READING scroll of enchant weapon.
  2065 | D:3      | 2065 ||| ENCHANTING +1 shortbow.
  2066 | D:3      | 2066 ||| DRINKING 3 brown potions.
  2105 | D:4      | Noticed a water moccasin
  2106 | D:4      | 2106 ||| DRINKING potion of haste.
  2113 | D:4      | Reached skill level 9 in Ranged Weapons
  2115 | D:4      | Killed a water moccasin
  2116 | D:4      | Reached XP level 6. HP: 10/34 MP: 8/8
  2117 | D:4      | HP: 8/34 [poisoned by a water moccasin]
  2122 | D:4      | HP: 5/34 [poisoned by a water moccasin]
  2213 | D:4      | 2213 ||| FLEEEEING.
  2214 | D:4      | 2214 ||| STAIRDANCE
  2349 | D:4      | Noticed Blork the orc
  2358 | D:4      | Killed Blork the orc
  2362 | D:4      | HP: 9/36 [scorpion (4)]
  2363 | D:4      | 2363 ||| DRINKING 2 potions of heal wounds.
  2372 | D:4      | HP: 9/36 [poisoned by a scorpion]
  2940 | D:4      | Reached XP level 7. HP: 40/40 MP: 9/9
  3004 | D:4      | Reached skill level 10 in Ranged Weapons
  3187 | D:4      | 3187 ||| READING scroll labelled YRADAN ILAVU.
  3201 | D:5      | Entered Level 5 of the Dungeon
  3517 | D:5      | Found an iron altar of Okawaru.
  3518 | D:5      | 3518 ||| PLANNING OKAWARU WORSHIP
  3518 | D:5      | 3518 ||| READING scroll labelled YWNOURPHUFYER.
  3529 | D:5      | Became a worshipper of Warmaster Okawaru
  3530 | D:5      | 3530 ||| PLANNING D:1-11
  3583 | D:5      | Reached skill level 11 in Ranged Weapons
  3902 | D:5      | 3902 ||| DROPPING +0 leather armour of fire resistance.
  3943 | D:6      | Found a runed translucent gate.
  3946 | D:6      | Found a runed translucent gate.
  3949 | D:6      | Found a runed translucent gate.
  3992 | D:6      | Found Pyufeomn's CLEARANCE SALE!.
  3999 | D:6      | 3999 ||| BUYING scroll of identify (8 gold).
  3999 | D:6      | Bought a scroll of identify for 8 gold pieces
  4129 | D:6      | Noticed qw's ghost (novice DjHu)
  4161 | D:6      | HP: 8/40 [orc priest/divine providence (8)]
  4161 | D:6      | Slain by an orc warrior

Levels and vault maps discovered:
D:1:      dpeg_arrival_boxorama, layout_basic
D:2:      layout_rooms, serial_aquarium, aquarium_bridge_straight
          [aquarium_subvault_bridge, aquarium_subvault_balcony,
          aquarium_subvault_bridge, aquarium_subvault_balcony],
          aquarium_window_2, aquarium_window_fake, aquarium_window_double,
          aquarium_view_2b, aquarium_pool_2, nicolae_ecumenical_snake_handling
D:3:      layout_rooms, nicolae_tso_carved_into_rock, nrook_campfire,
          minivault_25, chequers_serial_rivers_small_a
D:4:      layout_gridville, serial_rivers, chequers_serial_rivers_marsh,
          chequers_serial_rivers_micro_c, chequers_serial_rivers_room_a,
          chequers_serial_rivers_small_3, chequers_serial_rivers_small_b,
          minivault_24, amethyst_killhole, uniq_blork_the_orc
D:5:      layout_loops_ring, lemuel_round_altar
D:6:      layout_basic, ebering_ghost_rock_garden, nicolae_shop_clearance

Skill      XL: |  1  2  3  4  5  6  7 |
---------------+----------------------+-----
Ranged Weapons | 6 7 8 9 11 | 11.3
Dodging        | 4 |  4.2
Fighting       | 2 |  2.4
Stealth        | |  1.2

Action                     |  1- 3 |  4- 6 |  7- 9 || total
---------------------------+-------+-------+-------++-------
   Fire: Shortbow          |    84 |   166 |    55 ||   305
    Use: Scroll            |     4 |     3 |     2 ||     9
         Potion            |     2 |     3 |       ||     5
 Armour: Ring mail         |     6 |    37 |       ||    43
         Leather armour    |       |    14 |    20 ||    34
  Dodge: Dodged            |     7 |    32 |     7 ||    46

Table legend:
 A = Non-vault XP
 B = Vault XP
 C = Vault XP percentage of total XP
 D = Non-vault monster count
 E = Vault monster count
 F = Vault count percentage of total count
                 A         B        C        D         E       F
            +---------+---------+-------+---------+---------+-------
      Total |    1015 |     133 |  11.6 |      95 |       5 |   5.0
            +---------+---------+-------+---------+---------+-------
        D:1 |      20 |       0 |   0.0 |      14 |       0 |   0.0
        D:2 |      25 |      42 |  62.7 |      15 |       4 |  21.1
        D:3 |     152 |       0 |   0.0 |      32 |       0 |   0.0
        D:4 |     454 |      91 |  16.7 |      21 |       1 |   4.5
        D:5 |     315 |       0 |   0.0 |      10 |       0 |   0.0
        D:6 |      49 |       0 |   0.0 |       3 |       0 |   0.0
            +---------+---------+-------+---------+---------+-------
